Workbook

Sheet SOURCE
A1: tiers_nom | B1: ar_concat | C1: tl_taille | D1: li_designation | E1: li_qte_livree | F1: li_poids | G1: li_prix_base | H1: li_prix_facon | I1: li_px_unit_ref | J1: li_remise | K1: li_ristourne | L1: li_montant_ht | M1: li_px_au_pd | N1: tv_ref | O1: tp_ref | P1: tp_taxe | Q1: tv_tva | R1: li_num_ligne | S1: li_ref_four | T1: li_reajustement | U1: tv_code | V1: li_num_confie | W1: ar_nature | X1: ar_code | Y1: ar_unite_vente | Z1: ar_nb_dec | AA1: commentaire | AB1: pg_lignes_grises | AC1: en_num_doc | AD1: en_num_ext | AE1: en_date_doc | AF1: en_date2 | AG1: fo_raison_soc | AH1: fo_adr1 | AI1: fo_adr2 | AJ1: fo_cp | AK1: fo_ville | AL1: py_libel | AM1: fo_tel | AN1: fo_fax | AO1: fo_doc_achat_px | AP1: fo_code | AQ1: concatener
A2: ABC | B2: 1234 | C2: a | D2: NOM 1 | E2: 1 | F2: 2 | G2: 3 | H2: 4 | I2: 5 | J2: 6 | K2: 7 | L2: 8 | M2: 9 | N2: 10 | O2: 11 | P2: 12 | Q2: 13 | R2: 14 | S2: 15 | T2: 16 | U2: 17 | V2: 18 | W2: 19 | X2: 20 | Y2: 21 | Z2: 22 | AA2: 23 | AB2: 24 | AC2: 1122 | AD2: aa | AE2: 28/01/2014 00:00:00 | AF2: 10/02/2014 00:00:00 | AG2: ABC | AH2: qsdf | AI2: qsdf | AJ2: 75001 | AK2: PARIS | AL2: FRANCE | AM2: 01 23 45 67 89 | AO2: 1 | AP2: ABC | AQ2: =CONCATENATE(B2,C2) -> 1234a
A3: ABC | B3: 1234 | C3: a | D3: NOM 1 | E3: 1 | F3: 2 | G3: 3 | H3: 4 | I3: 5 | J3: 6 | K3: 7 | L3: 8 | M3: 9 | N3: 10 | O3: 11 | P3: 12 | Q3: 13 | R3: 14 | S3: 15 | T3: 16 | U3: 17 | V3: 18 | W3: 19 | X3: 20 | Y3: 21 | Z3: 22 | AA3: 23 | AB3: 24 | AC3: 1188 | AE3: 06/11/2013 00:00:00 | AG3: ABC | AH3: qsdf | AI3: qsdf | AJ3: 75001 | AK3: PARIS | AL3: FRANCE | AM3: 2 23 45 67 89 | AO3: 1 | AP3: ABC | AQ3: =CONCATENATE(B3,C3) -> 1234a
A4: ABC | B4: 1234 | C4: a | D4: NOM 1 | E4: 1 | F4: 2 | G4: 3 | H4: 4 | I4: 5 | J4: 6 | K4: 7 | L4: 8 | M4: 9 | N4: 10 | O4: 11 | P4: 12 | Q4: 13 | R4: 14 | S4: 15 | T4: 16 | U4: 17 | V4: 18 | W4: 19 | X4: 20 | Y4: 21 | Z4: 22 | AA4: 23 | AB4: 24 | AC4: 1199 | AE4: 06/11/2013 00:00:00 | AG4: ABC | AH4: qsdf | AI4: qsdf | AJ4: 75001 | AK4: PARIS | AL4: FRANCE | AM4: 3 23 45 67 89 | AO4: 1 | AP4: ABC | AQ4: =CONCATENATE(B4,C4) -> 1234a
A5: ABC | B5: 1234 | C5: a | D5: NOM 1 | E5: 2 | F5: 2 | G5: 3 | H5: 4 | I5: 5 | J5: 6 | K5: 7 | L5: 8 | M5: 9 | N5: 10 | O5: 11 | P5: 12 | Q5: 13 | R5: 14 | S5: 15 | T5: 16 | U5: 17 | V5: 18 | W5: 19 | X5: 20 | Y5: 21 | Z5: 22 | AA5: 23 | AB5: 24 | AC5: 1122 | AE5: 27/09/2013 00:00:00 | AF5: 02/12/2013 00:00:00 | AG5: ABC | AH5: qsdf | AI5: qsdf | AJ5: 75001 | AK5: PARIS | AL5: FRANCE | AM5: 4 23 45 67 89 | AO5: 1 | AP5: ABC | AQ5: =CONCATENATE(B5,C5) -> 1234a
A6: ABC | B6: 1234 | C6: b | D6: NOM 1 | E6: 2 | F6: 2 | G6: 3 | H6: 4 | I6: 5 | J6: 6 | K6: 7 | L6: 8 | M6: 9 | N6: 10 | O6: 11 | P6: 12 | Q6: 13 | R6: 14 | S6: 15 | T6: 16 | U6: 17 | V6: 18 | W6: 19 | X6: 20 | Y6: 21 | Z6: 22 | AA6: 23 | AB6: 24 | AC6: 1122 | AE6: 27/09/2013 00:00:00 | AF6: 02/12/2013 00:00:00 | AG6: ABC | AH6: qsdf | AI6: qsdf | AJ6: 75001 | AK6: PARIS | AL6: FRANCE | AM6: 5 23 45 67 89 | AO6: 1 | AP6: ABC | AQ6: =CONCATENATE(B6,C6) -> 1234b
A7: ABC | B7: 1234 | C7: b | D7: NOM 1 | E7: 2 | F7: 2 | G7: 3 | H7: 4 | I7: 5 | J7: 6 | K7: 7 | L7: 8 | M7: 9 | N7: 10 | O7: 11 | P7: 12 | Q7: 13 | R7: 14 | S7: 15 | T7: 16 | U7: 17 | V7: 18 | W7: 19 | X7: 20 | Y7: 21 | Z7: 22 | AA7: 23 | AB7: 24 | AC7: 1188 | AE7: 27/09/2013 00:00:00 | AF7: 02/12/2013 00:00:00 | AG7: ABC | AH7: qsdf | AI7: qsdf | AJ7: 75001 | AK7: PARIS | AL7: FRANCE | AM7: 6 23 45 67 89 | AO7: 1 | AP7: ABC | AQ7: =CONCATENATE(B7,C7) -> 1234b
A8: ABC | B8: 1234 | C8: c | D8: NOM 1 | E8: 1 | F8: 2 | G8: 3 | H8: 4 | I8: 5 | J8: 6 | K8: 7 | L8: 8 | M8: 9 | N8: 10 | O8: 11 | P8: 12 | Q8: 13 | R8: 14 | S8: 15 | T8: 16 | U8: 17 | V8: 18 | W8: 19 | X8: 20 | Y8: 21 | Z8: 22 | AA8: 23 | AB8: 24 | AC8: 1122 | AE8: 14/01/2014 00:00:00 | AF8: 29/01/2014 00:00:00 | AG8: ABC | AH8: qsdf | AI8: qsdf | AJ8: 75001 | AK8: PARIS | AL8: FRANCE | AM8: 7 23 45 67 89 | AO8: 1 | AP8: ABC | AQ8: =CONCATENATE(B8,C8) -> 1234c
A9: ABC | B9: 1234 | C9: c | D9: NOM 1 | E9: 1 | F9: 2 | G9: 3 | H9: 4 | I9: 5 | J9: 6 | K9: 7 | L9: 8 | M9: 9 | N9: 10 | O9: 11 | P9: 12 | Q9: 13 | R9: 14 | S9: 15 | T9: 16 | U9: 17 | V9: 18 | W9: 19 | X9: 20 | Y9: 21 | Z9: 22 | AA9: 23 | AB9: 24 | AC9: 1177 | AE9: 14/01/2014 00:00:00 | AF9: 29/01/2014 00:00:00 | AG9: ABC | AH9: qsdf | AI9: qsdf | AJ9: 75001 | AK9: PARIS | AL9: FRANCE | AM9: 8 23 45 67 89 | AO9: 1 | AP9: ABC | AQ9: =CONCATENATE(B9,C9) -> 1234c
A10: ABC | B10: 1234 | C10: c | D10: NOM 1 | E10: 1 | F10: 2 | G10: 3 | H10: 4 | I10: 5 | J10: 6 | K10: 7 | L10: 8 | M10: 9 | N10: 10 | O10: 11 | P10: 12 | Q10: 13 | R10: 14 | S10: 15 | T10: 16 | U10: 17 | V10: 18 | W10: 19 | X10: 20 | Y10: 21 | Z10: 22 | AA10: 23 | AB10: 24 | AC10: 1188 | AE10: 15/01/2014 00:00:00 | AF10: 10/03/2014 00:00:00 | AG10: ABC | AH10: qsdf | AI10: qsdf | AJ10: 75001 | AK10: PARIS | AL10: FRANCE | AM10: 9 23 45 67 89 | AO10: 1 | AP10: ABC | AQ10: =CONCATENATE(B10,C10) -> 1234c
A11: ABC | B11: 1234 | C11: d | D11: NOM 1 | E11: 1 | F11: 2 | G11: 3 | H11: 4 | I11: 5 | J11: 6 | K11: 7 | L11: 8 | M11: 9 | N11: 10 | O11: 11 | P11: 12 | Q11: 13 | R11: 14 | S11: 15 | T11: 16 | U11: 17 | V11: 18 | W11: 19 | X11: 20 | Y11: 21 | Z11: 22 | AA11: 23 | AB11: 24 | AC11: 1122 | AE11: 16/01/2014 00:00:00 | AF11: 07/04/2014 00:00:00 | AG11: ABC | AH11: qsdf | AI11: qsdf | AJ11: 75001 | AK11: PARIS | AL11: FRANCE | AM11: 10 23 45 67 89 | AO11: 1 | AP11: ABC | AQ11: =CONCATENATE(B11,C11) -> 1234d
A12: ABC | B12: 5678 | C12: a | D12: NOM 2 | E12: 1 | F12: 2 | G12: 3 | H12: 4 | I12: 5 | J12: 6 | K12: 7 | L12: 8 | M12: 9 | N12: 10 | O12: 11 | P12: 12 | Q12: 13 | R12: 14 | S12: 15 | T12: 16 | U12: 17 | V12: 18 | W12: 19 | X12: 20 | Y12: 21 | Z12: 22 | AA12: 23 | AB12: 24 | AC12: 1144 | AE12: 16/01/2014 00:00:00 | AF12: 07/04/2014 00:00:00 | AG12: ABC | AH12: qsdf | AI12: qsdf | AJ12: 75001 | AK12: PARIS | AL12: FRANCE | AM12: 11 23 45 67 89 | AO12: 1 | AP12: ABC | AQ12: =CONCATENATE(B12,C12) -> 5678a
A13: ABC | B13: 5678 | C13: a | D13: NOM 2 | E13: 1 | F13: 2 | G13: 3 | H13: 4 | I13: 5 | J13: 6 | K13: 7 | L13: 8 | M13: 9 | N13: 10 | O13: 11 | P13: 12 | Q13: 13 | R13: 14 | S13: 15 | T13: 16 | U13: 17 | V13: 18 | W13: 19 | X13: 20 | Y13: 21 | Z13: 22 | AA13: 23 | AB13: 24 | AC13: 1122 | AE13: 16/01/2014 00:00:00 | AF13: 07/04/2014 00:00:00 | AG13: ABC | AH13: qsdf | AI13: qsdf | AJ13: 75001 | AK13: PARIS | AL13: FRANCE | AM13: 12 23 45 67 89 | AO13: 1 | AP13: ABC | AQ13: =CONCATENATE(B13,C13) -> 5678a
A14: ABC | B14: 5678 | C14: b | D14: NOM 2 | E14: 1 | F14: 2 | G14: 3 | H14: 4 | I14: 5 | J14: 6 | K14: 7 | L14: 8 | M14: 9 | N14: 10 | O14: 11 | P14: 12 | Q14: 13 | R14: 14 | S14: 15 | T14: 16 | U14: 17 | V14: 18 | W14: 19 | X14: 20 | Y14: 21 | Z14: 22 | AA14: 23 | AB14: 24 | AC14: 1166 | AE14: 16/01/2014 00:00:00 | AF14: 07/04/2014 00:00:00 | AG14: ABC | AH14: qsdf | AI14: qsdf | AJ14: 75001 | AK14: PARIS | AL14: FRANCE | AM14: 13 23 45 67 89 | AO14: 1 | AP14: ABC | AQ14: =CONCATENATE(B14,C14) -> 5678b
A15: ABC | B15: 5678 | C15: b | D15: NOM 2 | E15: 1 | F15: 2 | G15: 3 | H15: 4 | I15: 5 | J15: 6 | K15: 7 | L15: 8 | M15: 9 | N15: 10 | O15: 11 | P15: 12 | Q15: 13 | R15: 14 | S15: 15 | T15: 16 | U15: 17 | V15: 18 | W15: 19 | X15: 20 | Y15: 21 | Z15: 22 | AA15: 23 | AB15: 24 | AC15: 1122 | AE15: 16/01/2014 00:00:00 | AF15: 07/04/2014 00:00:00 | AG15: ABC | AH15: qsdf | AI15: qsdf | AJ15: 75001 | AK15: PARIS | AL15: FRANCE | AM15: 14 23 45 67 89 | AO15: 1 | AP15: ABC | AQ15: =CONCATENATE(B15,C15) -> 5678b
A16: ABC | B16: 5678 | C16: b | D16: NOM 2 | E16: 1 | F16: 2 | G16: 3 | H16: 4 | I16: 5 | J16: 6 | K16: 7 | L16: 8 | M16: 9 | N16: 10 | O16: 11 | P16: 12 | Q16: 13 | R16: 14 | S16: 15 | T16: 16 | U16: 17 | V16: 18 | W16: 19 | X16: 20 | Y16: 21 | Z16: 22 | AA16: 23 | AB16: 24 | AC16: 1133 | AE16: 04/02/2014 00:00:00 | AF16: 18/02/2014 00:00:00 | AG16: ABC | AH16: qsdf | AI16: qsdf | AJ16: 75001 | AK16: PARIS | AL16: FRANCE | AM16: 15 23 45 67 89 | AO16: 1 | AP16: ABC | AQ16: =CONCATENATE(B16,C16) -> 5678b
... A20: ABC | B20: 5678 | C20: d | D20: NOM 2 | E20: 5 | F20: 2 | G20: 3 | H20: 4 | I20: 5 | J20: 6 | K20: 7 | L20: 8 | M20: 9 | N20: 10 | O20: 11 | P20: 12 | Q20: 13 | R20: 14 | S20: 15 | T20: 16 | U20: 17 | V20: 18 | W20: 19 | X20: 20 | Y20: 21 | Z20: 22 | AA20: 23 | AB20: 24 | AC20: 1199 | AE20: 15/01/2014 00:00:00 | AF20: 27/01/2014 00:00:00 | AG20: ABC | AH20: qsdf | AI20: qsdf | AJ20: 75001 | AK20: PARIS | AL20: FRANCE | AM20: 19 23 45 67 89 | AO20: 1 | AP20: ABC | AQ20: =CONCATENATE(B20,C20) -> 5678d
A21: DEF | B21: AAAA | C21: a | D21: NOM 3 | E21: 5 | F21: 2 | G21: 3 | H21: 4 | I21: 5 | J21: 6 | K21: 7 | L21: 8 | M21: 9 | N21: 10 | O21: 11 | P21: 12 | Q21: 13 | R21: 14 | S21: 15 | T21: 16 | U21: 17 | V21: 18 | W21: 19 | X21: 20 | Y21: 21 | Z21: 22 | AA21: 23 | AB21: 24 | AC21: 2244 | AE21: 15/01/2014 00:00:00 | AF21: 27/01/2014 00:00:00 | AG21: DEF | AH21: qsdf | AI21: qsdf | AJ21: 75001 | AK21: PARIS | AL21: FRANCE | AM21: 20 23 45 67 89 | AO21: 1 | AP21: DEF | AQ21: =CONCATENATE(B21,C21) -> AAAAa
A22: DEF | B22: AAAA | C22: b | D22: NOM 3 | E22: 2 | F22: 2 | G22: 3 | H22: 4 | I22: 5 | J22: 6 | K22: 7 | L22: 8 | M22: 9 | N22: 10 | O22: 11 | P22: 12 | Q22: 13 | R22: 14 | S22: 15 | T22: 16 | U22: 17 | V22: 18 | W22: 19 | X22: 20 | Y22: 21 | Z22: 22 | AA22: 23 | AB22: 24 | AC22: 2244 | AE22: 16/01/2014 00:00:00 | AF22: 07/04/2014 00:00:00 | AG22: DEF | AH22: qsdf | AI22: qsdf | AJ22: 75001 | AK22: PARIS | AL22: FRANCE | AM22: 21 23 45 67 89 | AO22: 1 | AP22: DEF | AQ22: =CONCATENATE(B22,C22) -> AAAAb
A23: DEF | B23: AAAA | C23: c | D23: NOM 3 | E23: 1 | F23: 2 | G23: 3 | H23: 4 | I23: 5 | J23: 6 | K23: 7 | L23: 8 | M23: 9 | N23: 10 | O23: 11 | P23: 12 | Q23: 13 | R23: 14 | S23: 15 | T23: 16 | U23: 17 | V23: 18 | W23: 19 | X23: 20 | Y23: 21 | Z23: 22 | AA23: 23 | AB23: 24 | AC23: 2266 | AE23: 16/01/2014 00:00:00 | AF23: 07/04/2014 00:00:00 | AG23: DEF | AH23: qsdf | AI23: qsdf | AJ23: 75001 | AK23: PARIS | AL23: FRANCE | AM23: 22 23 45 67 89 | AO23: 1 | AP23: DEF | AQ23: =CONCATENATE(B23,C23) -> AAAAc
A24: DEF | B24: AAAA | C24: c | D24: NOM 3 | E24: 2 | F24: 2 | G24: 3 | H24: 4 | I24: 5 | J24: 6 | K24: 7 | L24: 8 | M24: 9 | N24: 10 | O24: 11 | P24: 12 | Q24: 13 | R24: 14 | S24: 15 | T24: 16 | U24: 17 | V24: 18 | W24: 19 | X24: 20 | Y24: 21 | Z24: 22 | AA24: 23 | AB24: 24 | AC24: 2244 | AE24: 16/01/2014 00:00:00 | AF24: 07/04/2014 00:00:00 | AG24: DEF | AH24: qsdf | AI24: qsdf | AJ24: 75001 | AK24: PARIS | AL24: FRANCE | AM24: 23 23 45 67 89 | AO24: 1 | AP24: DEF | AQ24: =CONCATENATE(B24,C24) -> AAAAc
A25: DEF | B25: AAAA | C25: d | D25: NOM 3 | E25: 1 | F25: 2 | G25: 3 | H25: 4 | I25: 5 | J25: 6 | K25: 7 | L25: 8 | M25: 9 | N25: 10 | O25: 11 | P25: 12 | Q25: 13 | R25: 14 | S25: 15 | T25: 16 | U25: 17 | V25: 18 | W25: 19 | X25: 20 | Y25: 21 | Z25: 22 | AA25: 23 | AB25: 24 | AC25: 2255 | AE25: 16/01/2014 00:00:00 | AF25: 07/04/2014 00:00:00 | AG25: DEF | AH25: qsdf | AI25: qsdf | AJ25: 75001 | AK25: PARIS | AL25: FRANCE | AM25: 24 23 45 67 89 | AO25: 1 | AP25: DEF | AQ25: =CONCATENATE(B25,C25) -> AAAAd
A26: DEF | B26: AAAA | C26: d | D26: NOM 3 | E26: 2 | F26: 2 | G26: 3 | H26: 4 | I26: 5 | J26: 6 | K26: 7 | L26: 8 | M26: 9 | N26: 10 | O26: 11 | P26: 12 | Q26: 13 | R26: 14 | S26: 15 | T26: 16 | U26: 17 | V26: 18 | W26: 19 | X26: 20 | Y26: 21 | Z26: 22 | AA26: 23 | AB26: 24 | AC26: 2266 | AE26: 16/01/2014 00:00:00 | AF26: 07/04/2014 00:00:00 | AG26: DEF | AH26: qsdf | AI26: qsdf | AJ26: 75001 | AK26: PARIS | AL26: FRANCE | AM26: 25 23 45 67 89 | AO26: 1 | AP26: DEF | AQ26: =CONCATENATE(B26,C26) -> AAAAd
A27: DEF | B27: AAAA | C27: d | D27: NOM 3 | E27: 3 | F27: 2 | G27: 3 | H27: 4 | I27: 5 | J27: 6 | K27: 7 | L27: 8 | M27: 9 | N27: 10 | O27: 11 | P27: 12 | Q27: 13 | R27: 14 | S27: 15 | T27: 16 | U27: 17 | V27: 18 | W27: 19 | X27: 20 | Y27: 21 | Z27: 22 | AA27: 23 | AB27: 24 | AC27: 2288 | AE27: 05/02/2014 00:00:00 | AF27: 19/02/2014 00:00:00 | AG27: DEF | AH27: qsdf | AI27: qsdf | AJ27: 75001 | AK27: PARIS | AL27: FRANCE | AM27: 26 23 45 67 89 | AO27: 1 | AP27: DEF | AQ27: =CONCATENATE(B27,C27) -> AAAAd
A28: DEF | B28: BBBB | C28: a | D28: NOM 4 | E28: 4 | F28: 2 | G28: 3 | H28: 4 | I28: 5 | J28: 6 | K28: 7 | L28: 8 | M28: 9 | N28: 10 | O28: 11 | P28: 12 | Q28: 13 | R28: 14 | S28: 15 | T28: 16 | U28: 17 | V28: 18 | W28: 19 | X28: 20 | Y28: 21 | Z28: 22 | AA28: 23 | AB28: 24 | AC28: 2255 | AE28: 11/02/2014 00:00:00 | AF28: 11/03/2014 00:00:00 | AG28: DEF | AH28: qsdf | AI28: qsdf | AJ28: 75001 | AK28: PARIS | AL28: FRANCE | AM28: 27 23 45 67 89 | AO28: 1 | AP28: DEF | AQ28: =CONCATENATE(B28,C28) -> BBBBa
A29: DEF | B29: BBBB | C29: a | D29: NOM 4 | E29: 1 | F29: 2 | G29: 3 | H29: 4 | I29: 5 | J29: 6 | K29: 7 | L29: 8 | M29: 9 | N29: 10 | O29: 11 | P29: 12 | Q29: 13 | R29: 14 | S29: 15 | T29: 16 | U29: 17 | V29: 18 | W29: 19 | X29: 20 | Y29: 21 | Z29: 22 | AA29: 23 | AB29: 24 | AC29: 2277 | AE29: 28/01/2014 00:00:00 | AF29: 10/02/2014 00:00:00 | AG29: DEF | AH29: qsdf | AI29: qsdf | AJ29: 75001 | AK29: PARIS | AL29: FRANCE | AM29: 28 23 45 67 89 | AO29: 1 | AP29: DEF | AQ29: =CONCATENATE(B29,C29) -> BBBBa
A30: DEF | B30: BBBB | C30: a | D30: NOM 4 | E30: 1 | F30: 2 | G30: 3 | H30: 4 | I30: 5 | J30: 6 | K30: 7 | L30: 8 | M30: 9 | N30: 10 | O30: 11 | P30: 12 | Q30: 13 | R30: 14 | S30: 15 | T30: 16 | U30: 17 | V30: 18 | W30: 19 | X30: 20 | Y30: 21 | Z30: 22 | AA30: 23 | AB30: 24 | AC30: 2288 | AE30: 06/11/2013 00:00:00 | AG30: DEF | AH30: qsdf | AI30: qsdf | AJ30: 75001 | AK30: PARIS | AL30: FRANCE | AM30: 29 23 45 67 89 | AO30: 1 | AP30: DEF | AQ30: =CONCATENATE(B30,C30) -> BBBBa
A31: DEF | B31: BBBB | C31: b | D31: NOM 4 | E31: 1 | F31: 2 | G31: 3 | H31: 4 | I31: 5 | J31: 6 | K31: 7 | L31: 8 | M31: 9 | N31: 10 | O31: 11 | P31: 12 | Q31: 13 | R31: 14 | S31: 15 | T31: 16 | U31: 17 | V31: 18 | W31: 19 | X31: 20 | Y31: 21 | Z31: 22 | AA31: 23 | AB31: 24 | AC31: 2266 | AE31: 15/01/2014 00:00:00 | AF31: 10/02/2014 00:00:00 | AG31: DEF | AH31: qsdf | AI31: qsdf | AJ31: 75001 | AK31: PARIS | AL31: FRANCE | AM31: 30 23 45 67 89 | AO31: 1 | AP31: DEF | AQ31: =CONCATENATE(B31,C31) -> BBBBb
A32: DEF | B32: BBBB | C32: c | D32: NOM 4 | E32: 1 | F32: 2 | G32: 3 | H32: 4 | I32: 5 | J32: 6 | K32: 7 | L32: 8 | M32: 9 | N32: 10 | O32: 11 | P32: 12 | Q32: 13 | R32: 14 | S32: 15 | T32: 16 | U32: 17 | V32: 18 | W32: 19 | X32: 20 | Y32: 21 | Z32: 22 | AA32: 23 | AB32: 24 | AC32: 2266 | AE32: 15/01/2014 00:00:00 | AF32: 10/02/2014 00:00:00 | AG32: DEF | AH32: qsdf | AI32: qsdf | AJ32: 75001 | AK32: PARIS | AL32: FRANCE | AM32: 31 23 45 67 89 | AO32: 1 | AP32: DEF | AQ32: =CONCATENATE(B32,C32) -> BBBBc
A33: DEF | B33: BBBB | C33: c | D33: NOM 4 | E33: 1 | F33: 2 | G33: 3 | H33: 4 | I33: 5 | J33: 6 | K33: 7 | L33: 8 | M33: 9 | N33: 10 | O33: 11 | P33: 12 | Q33: 13 | R33: 14 | S33: 15 | T33: 16 | U33: 17 | V33: 18 | W33: 19 | X33: 20 | Y33: 21 | Z33: 22 | AA33: 23 | AB33: 24 | AC33: 2299 | AE33: 15/01/2014 00:00:00 | AF33: 10/02/2014 00:00:00 | AG33: DEF | AH33: qsdf | AI33: qsdf | AJ33: 75001 | AK33: PARIS | AL33: FRANCE | AM33: 32 23 45 67 89 | AO33: 1 | AP33: DEF | AQ33: =CONCATENATE(B33,C33) -> BBBBc
A34: DEF | B34: BBBB | C34: d | D34: NOM 4 | E34: 1 | F34: 2 | G34: 3 | H34: 4 | I34: 5 | J34: 6 | K34: 7 | L34: 8 | M34: 9 | N34: 10 | O34: 11 | P34: 12 | Q34: 13 | R34: 14 | S34: 15 | T34: 16 | U34: 17 | V34: 18 | W34: 19 | X34: 20 | Y34: 21 | Z34: 22 | AA34: 23 | AB34: 24 | AC34: 2266 | AE34: 15/01/2014 00:00:00 | AF34: 10/02/2014 00:00:00 | AG34: DEF | AH34: qsdf | AI34: qsdf | AJ34: 75001 | AK34: PARIS | AL34: FRANCE | AM34: 33 23 45 67 89 | AO34: 1 | AP34: DEF | AQ34: =CONCATENATE(B34,C34) -> BBBBd

Sheet MANQUE
A1: REF | B1: MANQUE
A2: 1234a | B2: 2
A3: 1234b | B3: 1
A4: 1234c | B4: 4
A5: 1234d | B5: 5
A6: 5678a | B6: 8
A7: 5678b | B7: 6
A8: 5678c | B8: 7
A9: 5678d | B9: 4
A10: AAAAa | B10: 6
A11: AAAAb | B11: 5
A12: AAAAc | B12: 2
A13: AAAAd | B13: 1
... A17: BBBBd | B17: 9

Sheet RESULTAT
A1: Étiquettes de lignes | B1: Somme de li_qte_livree | C1: MANQUE | D1: COM 1 | E1: COM 2 | F1: COM 3 | G1: COM 4 | H1: COM 5 | I1: COM 6 | J1: COM 7 | K1: COM 8 | L1: COM 9 | M1: COM 10
A2: ABC | C2: =IFERROR(VLOOKUP(A2,MANQUE!A:B,2,FALSE),0) -> 0
A3: 1234a | B3: 5 | C3: =IFERROR(VLOOKUP(A3,MANQUE!A:B,2,FALSE),0) -> 2 | D3: {=IFERROR(INDEX(SOURCE!$AC:$AC,SMALL(IF(SOURCE!$AQ$2:$AQ$34=$A3,ROW($A$2:$A$34)),COLUMN(A1))),"")} -> 1122 | E3: {=IFERROR(INDEX(SOURCE!$AC:$AC,SMALL(IF(SOURCE!$AQ$2:$AQ$34=$A3,ROW($A$2:$A$34)),COLUMN(B1))),"")} -> 1188 | F3: {=IFERROR(INDEX(SOURCE!$AC:$AC,SMALL(IF(SOURCE!$AQ$2:$AQ$34=$A3,ROW($A$2:$A$34)),COLUMN(C1))),"")} -> 1199 | G3: {=IFERROR(INDEX(SOURCE!$AC:$AC,SMALL(IF(SOURCE!$AQ$2:$AQ$34=$A3,ROW($A$2:$A$34)),COLUMN(D1))),"")} -> 1122 | H3: {=IFERROR(INDEX(SOURCE!$AC:$AC,SMALL(IF(SOURCE!$AQ$2:$AQ$34=$A3,ROW($A$2:$A$34)),COLUMN(E1))),"")} | I3: {=IFERROR(INDEX(SOURCE!$AC:$AC,SMALL(IF(SOURCE!$AQ$2:$AQ$34=$A3,ROW($A$2:$A$34)),COLUMN(F1))),"")} | J3: {=IFERROR(INDEX(SOURCE!$AC:$AC,SMALL(IF(SOURCE!$AQ$2:$AQ$34=$A3,ROW($A$2:$A$34)),COLUMN(G1))),"")} | K3: {=IFERROR(INDEX(SOURCE!$AC:$AC,SMALL(IF(SOURCE!$AQ$2:$AQ$34=$A3,ROW($A$2:$A$34)),COLUMN(H1))),"")} | ... M3: {=IFERROR(INDEX(SOURCE!$AC:$AC,SMALL(IF(SOURCE!$AQ$2:$AQ$34=$A3,ROW($A$2:$A$34)),COLUMN(J1))),"")}
A4: 1234b | B4: 4 | C4: =IFERROR(VLOOKUP(A4,MANQUE!A:B,2,FALSE),0) -> 1 | D4: {=IFERROR(INDEX(SOURCE!$AC:$AC,SMALL(IF(SOURCE!$AQ$2:$AQ$34=$A4,ROW($A$2:$A$34)),COLUMN(A2))),"")} -> 1122 | E4: {=IFERROR(INDEX(SOURCE!$AC:$AC,SMALL(IF(SOURCE!$AQ$2:$AQ$34=$A4,ROW($A$2:$A$34)),COLUMN(B2))),"")} -> 1188 | F4: {=IFERROR(INDEX(SOURCE!$AC:$AC,SMALL(IF(SOURCE!$AQ$2:$AQ$34=$A4,ROW($A$2:$A$34)),COLUMN(C2))),"")} | G4: {=IFERROR(INDEX(SOURCE!$AC:$AC,SMALL(IF(SOURCE!$AQ$2:$AQ$34=$A4,ROW($A$2:$A$34)),COLUMN(D2))),"")} | H4: {=IFERROR(INDEX(SOURCE!$AC:$AC,SMALL(IF(SOURCE!$AQ$2:$AQ$34=$A4,ROW($A$2:$A$34)),COLUMN(E2))),"")} | I4: {=IFERROR(INDEX(SOURCE!$AC:$AC,SMALL(IF(SOURCE!$AQ$2:$AQ$34=$A4,ROW($A$2:$A$34)),COLUMN(F2))),"")} | J4: {=IFERROR(INDEX(SOURCE!$AC:$AC,SMALL(IF(SOURCE!$AQ$2:$AQ$34=$A4,ROW($A$2:$A$34)),COLUMN(G2))),"")} | K4: {=IFERROR(INDEX(SOURCE!$AC:$AC,SMALL(IF(SOURCE!$AQ$2:$AQ$34=$A4,ROW($A$2:$A$34)),COLUMN(H2))),"")} | ... M4: {=IFERROR(INDEX(SOURCE!$AC:$AC,SMALL(IF(SOURCE!$AQ$2:$AQ$34=$A4,ROW($A$2:$A$34)),COLUMN(J2))),"")}
A5: 1234c | B5: 3 | C5: =IFERROR(VLOOKUP(A5,MANQUE!A:B,2,FALSE),0) -> 4 | D5: {=IFERROR(INDEX(SOURCE!$AC:$AC,SMALL(IF(SOURCE!$AQ$2:$AQ$34=$A5,ROW($A$2:$A$34)),COLUMN(A3))),"")} -> 1122 | E5: {=IFERROR(INDEX(SOURCE!$AC:$AC,SMALL(IF(SOURCE!$AQ$2:$AQ$34=$A5,ROW($A$2:$A$34)),COLUMN(B3))),"")} -> 1177 | F5: {=IFERROR(INDEX(SOURCE!$AC:$AC,SMALL(IF(SOURCE!$AQ$2:$AQ$34=$A5,ROW($A$2:$A$34)),COLUMN(C3))),"")} -> 1188 | G5: {=IFERROR(INDEX(SOURCE!$AC:$AC,SMALL(IF(SOURCE!$AQ$2:$AQ$34=$A5,ROW($A$2:$A$34)),COLUMN(D3))),"")} | H5: {=IFERROR(INDEX(SOURCE!$AC:$AC,SMALL(IF(SOURCE!$AQ$2:$AQ$34=$A5,ROW($A$2:$A$34)),COLUMN(E3))),"")} | I5: {=IFERROR(INDEX(SOURCE!$AC:$AC,SMALL(IF(SOURCE!$AQ$2:$AQ$34=$A5,ROW($A$2:$A$34)),COLUMN(F3))),"")} | J5: {=IFERROR(INDEX(SOURCE!$AC:$AC,SMALL(IF(SOURCE!$AQ$2:$AQ$34=$A5,ROW($A$2:$A$34)),COLUMN(G3))),"")} | K5: {=IFERROR(INDEX(SOURCE!$AC:$AC,SMALL(IF(SOURCE!$AQ$2:$AQ$34=$A5,ROW($A$2:$A$34)),COLUMN(H3))),"")} | ... M5: {=IFERROR(INDEX(SOURCE!$AC:$AC,SMALL(IF(SOURCE!$AQ$2:$AQ$34=$A5,ROW($A$2:$A$34)),COLUMN(J3))),"")}
A6: 1234d | B6: 1 | C6: =IFERROR(VLOOKUP(A6,MANQUE!A:B,2,FALSE),0) -> 5 | D6: {=IFERROR(INDEX(SOURCE!$AC:$AC,SMALL(IF(SOURCE!$AQ$2:$AQ$34=$A6,ROW($A$2:$A$34)),COLUMN(A4))),"")} -> 1122 | E6: {=IFERROR(INDEX(SOURCE!$AC:$AC,SMALL(IF(SOURCE!$AQ$2:$AQ$34=$A6,ROW($A$2:$A$34)),COLUMN(B4))),"")} | F6: {=IFERROR(INDEX(SOURCE!$AC:$AC,SMALL(IF(SOURCE!$AQ$2:$AQ$34=$A6,ROW($A$2:$A$34)),COLUMN(C4))),"")} | G6: {=IFERROR(INDEX(SOURCE!$AC:$AC,SMALL(IF(SOURCE!$AQ$2:$AQ$34=$A6,ROW($A$2:$A$34)),COLUMN(D4))),"")} | H6: {=IFERROR(INDEX(SOURCE!$AC:$AC,SMALL(IF(SOURCE!$AQ$2:$AQ$34=$A6,ROW($A$2:$A$34)),COLUMN(E4))),"")} | I6: {=IFERROR(INDEX(SOURCE!$AC:$AC,SMALL(IF(SOURCE!$AQ$2:$AQ$34=$A6,ROW($A$2:$A$34)),COLUMN(F4))),"")} | J6: {=IFERROR(INDEX(SOURCE!$AC:$AC,SMALL(IF(SOURCE!$AQ$2:$AQ$34=$A6,ROW($A$2:$A$34)),COLUMN(G4))),"")} | K6: {=IFERROR(INDEX(SOURCE!$AC:$AC,SMALL(IF(SOURCE!$AQ$2:$AQ$34=$A6,ROW($A$2:$A$34)),COLUMN(H4))),"")} | ... M6: {=IFERROR(INDEX(SOURCE!$AC:$AC,SMALL(IF(SOURCE!$AQ$2:$AQ$34=$A6,ROW($A$2:$A$34)),COLUMN(J4))),"")}
A7: 5678a | B7: 2 | C7: =IFERROR(VLOOKUP(A7,MANQUE!A:B,2,FALSE),0) -> 8 | D7: {=IFERROR(INDEX(SOURCE!$AC:$AC,SMALL(IF(SOURCE!$AQ$2:$AQ$34=$A7,ROW($A$2:$A$34)),COLUMN(A5))),"")} -> 1144 | E7: {=IFERROR(INDEX(SOURCE!$AC:$AC,SMALL(IF(SOURCE!$AQ$2:$AQ$34=$A7,ROW($A$2:$A$34)),COLUMN(B5))),"")} -> 1122 | F7: {=IFERROR(INDEX(SOURCE!$AC:$AC,SMALL(IF(SOURCE!$AQ$2:$AQ$34=$A7,ROW($A$2:$A$34)),COLUMN(C5))),"")} | G7: {=IFERROR(INDEX(SOURCE!$AC:$AC,SMALL(IF(SOURCE!$AQ$2:$AQ$34=$A7,ROW($A$2:$A$34)),COLUMN(D5))),"")} | H7: {=IFERROR(INDEX(SOURCE!$AC:$AC,SMALL(IF(SOURCE!$AQ$2:$AQ$34=$A7,ROW($A$2:$A$34)),COLUMN(E5))),"")} | I7: {=IFERROR(INDEX(SOURCE!$AC:$AC,SMALL(IF(SOURCE!$AQ$2:$AQ$34=$A7,ROW($A$2:$A$34)),COLUMN(F5))),"")} | J7: {=IFERROR(INDEX(SOURCE!$AC:$AC,SMALL(IF(SOURCE!$AQ$2:$AQ$34=$A7,ROW($A$2:$A$34)),COLUMN(G5))),"")} | K7: {=IFERROR(INDEX(SOURCE!$AC:$AC,SMALL(IF(SOURCE!$AQ$2:$AQ$34=$A7,ROW($A$2:$A$34)),COLUMN(H5))),"")} | ... M7: {=IFERROR(INDEX(SOURCE!$AC:$AC,SMALL(IF(SOURCE!$AQ$2:$AQ$34=$A7,ROW($A$2:$A$34)),COLUMN(J5))),"")}
A8: 5678b | B8: 8 | C8: =IFERROR(VLOOKUP(A8,MANQUE!A:B,2,FALSE),0) -> 6 | D8: {=IFERROR(INDEX(SOURCE!$AC:$AC,SMALL(IF(SOURCE!$AQ$2:$AQ$34=$A8,ROW($A$2:$A$34)),COLUMN(A6))),"")} -> 1166 | E8: {=IFERROR(INDEX(SOURCE!$AC:$AC,SMALL(IF(SOURCE!$AQ$2:$AQ$34=$A8,ROW($A$2:$A$34)),COLUMN(B6))),"")} -> 1122 | F8: {=IFERROR(INDEX(SOURCE!$AC:$AC,SMALL(IF(SOURCE!$AQ$2:$AQ$34=$A8,ROW($A$2:$A$34)),COLUMN(C6))),"")} -> 1133 | G8: {=IFERROR(INDEX(SOURCE!$AC:$AC,SMALL(IF(SOURCE!$AQ$2:$AQ$34=$A8,ROW($A$2:$A$34)),COLUMN(D6))),"")} -> 1133 | H8: {=IFERROR(INDEX(SOURCE!$AC:$AC,SMALL(IF(SOURCE!$AQ$2:$AQ$34=$A8,ROW($A$2:$A$34)),COLUMN(E6))),"")} | I8: {=IFERROR(INDEX(SOURCE!$AC:$AC,SMALL(IF(SOURCE!$AQ$2:$AQ$34=$A8,ROW($A$2:$A$34)),COLUMN(F6))),"")} | J8: {=IFERROR(INDEX(SOURCE!$AC:$AC,SMALL(IF(SOURCE!$AQ$2:$AQ$34=$A8,ROW($A$2:$A$34)),COLUMN(G6))),"")} | K8: {=IFERROR(INDEX(SOURCE!$AC:$AC,SMALL(IF(SOURCE!$AQ$2:$AQ$34=$A8,ROW($A$2:$A$34)),COLUMN(H6))),"")} | ... M8: {=IFERROR(INDEX(SOURCE!$AC:$AC,SMALL(IF(SOURCE!$AQ$2:$AQ$34=$A8,ROW($A$2:$A$34)),COLUMN(J6))),"")}
A9: 5678c | B9: 4 | C9: =IFERROR(VLOOKUP(A9,MANQUE!A:B,2,FALSE),0) -> 7 | D9: {=IFERROR(INDEX(SOURCE!$AC:$AC,SMALL(IF(SOURCE!$AQ$2:$AQ$34=$A9,ROW($A$2:$A$34)),COLUMN(A7))),"")} -> 1188 | E9: {=IFERROR(INDEX(SOURCE!$AC:$AC,SMALL(IF(SOURCE!$AQ$2:$AQ$34=$A9,ROW($A$2:$A$34)),COLUMN(B7))),"")} | F9: {=IFERROR(INDEX(SOURCE!$AC:$AC,SMALL(IF(SOURCE!$AQ$2:$AQ$34=$A9,ROW($A$2:$A$34)),COLUMN(C7))),"")} | G9: {=IFERROR(INDEX(SOURCE!$AC:$AC,SMALL(IF(SOURCE!$AQ$2:$AQ$34=$A9,ROW($A$2:$A$34)),COLUMN(D7))),"")} | H9: {=IFERROR(INDEX(SOURCE!$AC:$AC,SMALL(IF(SOURCE!$AQ$2:$AQ$34=$A9,ROW($A$2:$A$34)),COLUMN(E7))),"")} | I9: {=IFERROR(INDEX(SOURCE!$AC:$AC,SMALL(IF(SOURCE!$AQ$2:$AQ$34=$A9,ROW($A$2:$A$34)),COLUMN(F7))),"")} | J9: {=IFERROR(INDEX(SOURCE!$AC:$AC,SMALL(IF(SOURCE!$AQ$2:$AQ$34=$A9,ROW($A$2:$A$34)),COLUMN(G7))),"")} | K9: {=IFERROR(INDEX(SOURCE!$AC:$AC,SMALL(IF(SOURCE!$AQ$2:$AQ$34=$A9,ROW($A$2:$A$34)),COLUMN(H7))),"")} | ... M9: {=IFERROR(INDEX(SOURCE!$AC:$AC,SMALL(IF(SOURCE!$AQ$2:$AQ$34=$A9,ROW($A$2:$A$34)),COLUMN(J7))),"")}
A10: 5678d | B10: 10 | C10: =IFERROR(VLOOKUP(A10,MANQUE!A:B,2,FALSE),0) -> 4 | D10: {=IFERROR(INDEX(SOURCE!$AC:$AC,SMALL(IF(SOURCE!$AQ$2:$AQ$34=$A10,ROW($A$2:$A$34)),COLUMN(A8))),"")} -> 1133 | E10: {=IFERROR(INDEX(SOURCE!$AC:$AC,SMALL(IF(SOURCE!$AQ$2:$AQ$34=$A10,ROW($A$2:$A$34)),COLUMN(B8))),"")} -> 1199 | F10: {=IFERROR(INDEX(SOURCE!$AC:$AC,SMALL(IF(SOURCE!$AQ$2:$AQ$34=$A10,ROW($A$2:$A$34)),COLUMN(C8))),"")} | G10: {=IFERROR(INDEX(SOURCE!$AC:$AC,SMALL(IF(SOURCE!$AQ$2:$AQ$34=$A10,ROW($A$2:$A$34)),COLUMN(D8))),"")} | H10: {=IFERROR(INDEX(SOURCE!$AC:$AC,SMALL(IF(SOURCE!$AQ$2:$AQ$34=$A10,ROW($A$2:$A$34)),COLUMN(E8))),"")} | I10: {=IFERROR(INDEX(SOURCE!$AC:$AC,SMALL(IF(SOURCE!$AQ$2:$AQ$34=$A10,ROW($A$2:$A$34)),COLUMN(F8))),"")} | J10: {=IFERROR(INDEX(SOURCE!$AC:$AC,SMALL(IF(SOURCE!$AQ$2:$AQ$34=$A10,ROW($A$2:$A$34)),COLUMN(G8))),"")} | K10: {=IFERROR(INDEX(SOURCE!$AC:$AC,SMALL(IF(SOURCE!$AQ$2:$AQ$34=$A10,ROW($A$2:$A$34)),COLUMN(H8))),"")} | ... M10: {=IFERROR(INDEX(SOURCE!$AC:$AC,SMALL(IF(SOURCE!$AQ$2:$AQ$34=$A10,ROW($A$2:$A$34)),COLUMN(J8))),"")}
A11: DEF | C11: =IFERROR(VLOOKUP(A11,MANQUE!A:B,2,FALSE),0) -> 0 | D11: {=IFERROR(INDEX(SOURCE!$AC:$AC,SMALL(IF(SOURCE!$AQ$2:$AQ$34=$A11,ROW($A$2:$A$34)),COLUMN(A9))),"")} | E11: {=IFERROR(INDEX(SOURCE!$AC:$AC,SMALL(IF(SOURCE!$AQ$2:$AQ$34=$A11,ROW($A$2:$A$34)),COLUMN(B9))),"")} | F11: {=IFERROR(INDEX(SOURCE!$AC:$AC,SMALL(IF(SOURCE!$AQ$2:$AQ$34=$A11,ROW($A$2:$A$34)),COLUMN(C9))),"")} | G11: {=IFERROR(INDEX(SOURCE!$AC:$AC,SMALL(IF(SOURCE!$AQ$2:$AQ$34=$A11,ROW($A$2:$A$34)),COLUMN(D9))),"")} | H11: {=IFERROR(INDEX(SOURCE!$AC:$AC,SMALL(IF(SOURCE!$AQ$2:$AQ$34=$A11,ROW($A$2:$A$34)),COLUMN(E9))),"")} | I11: {=IFERROR(INDEX(SOURCE!$AC:$AC,SMALL(IF(SOURCE!$AQ$2:$AQ$34=$A11,ROW($A$2:$A$34)),COLUMN(F9))),"")} | J11: {=IFERROR(INDEX(SOURCE!$AC:$AC,SMALL(IF(SOURCE!$AQ$2:$AQ$34=$A11,ROW($A$2:$A$34)),COLUMN(G9))),"")} | K11: {=IFERROR(INDEX(SOURCE!$AC:$AC,SMALL(IF(SOURCE!$AQ$2:$AQ$34=$A11,ROW($A$2:$A$34)),COLUMN(H9))),"")} | ... M11: {=IFERROR(INDEX(SOURCE!$AC:$AC,SMALL(IF(SOURCE!$AQ$2:$AQ$34=$A11,ROW($A$2:$A$34)),COLUMN(J9))),"")}
A12: AAAAa | B12: 5 | C12: =IFERROR(VLOOKUP(A12,MANQUE!A:B,2,FALSE),0) -> 6 | D12: {=IFERROR(INDEX(SOURCE!$AC:$AC,SMALL(IF(SOURCE!$AQ$2:$AQ$34=$A12,ROW($A$2:$A$34)),COLUMN(A10))),"")} -> 2244 | E12: {=IFERROR(INDEX(SOURCE!$AC:$AC,SMALL(IF(SOURCE!$AQ$2:$AQ$34=$A12,ROW($A$2:$A$34)),COLUMN(B10))),"")} | F12: {=IFERROR(INDEX(SOURCE!$AC:$AC,SMALL(IF(SOURCE!$AQ$2:$AQ$34=$A12,ROW($A$2:$A$34)),COLUMN(C10))),"")} | G12: {=IFERROR(INDEX(SOURCE!$AC:$AC,SMALL(IF(SOURCE!$AQ$2:$AQ$34=$A12,ROW($A$2:$A$34)),COLUMN(D10))),"")} | H12: {=IFERROR(INDEX(SOURCE!$AC:$AC,SMALL(IF(SOURCE!$AQ$2:$AQ$34=$A12,ROW($A$2:$A$34)),COLUMN(E10))),"")} | I12: {=IFERROR(INDEX(SOURCE!$AC:$AC,SMALL(IF(SOURCE!$AQ$2:$AQ$34=$A12,ROW($A$2:$A$34)),COLUMN(F10))),"")} | J12: {=IFERROR(INDEX(SOURCE!$AC:$AC,SMALL(IF(SOURCE!$AQ$2:$AQ$34=$A12,ROW($A$2:$A$34)),COLUMN(G10))),"")} | K12: {=IFERROR(INDEX(SOURCE!$AC:$AC,SMALL(IF(SOURCE!$AQ$2:$AQ$34=$A12,ROW($A$2:$A$34)),COLUMN(H10))),"")} | ... M12: {=IFERROR(INDEX(SOURCE!$AC:$AC,SMALL(IF(SOURCE!$AQ$2:$AQ$34=$A12,ROW($A$2:$A$34)),COLUMN(J10))),"")}
A13: AAAAb | B13: 2 | C13: =IFERROR(VLOOKUP(A13,MANQUE!A:B,2,FALSE),0) -> 5 | D13: {=IFERROR(INDEX(SOURCE!$AC:$AC,SMALL(IF(SOURCE!$AQ$2:$AQ$34=$A13,ROW($A$2:$A$34)),COLUMN(A11))),"")} -> 2244 | E13: {=IFERROR(INDEX(SOURCE!$AC:$AC,SMALL(IF(SOURCE!$AQ$2:$AQ$34=$A13,ROW($A$2:$A$34)),COLUMN(B11))),"")} | F13: {=IFERROR(INDEX(SOURCE!$AC:$AC,SMALL(IF(SOURCE!$AQ$2:$AQ$34=$A13,ROW($A$2:$A$34)),COLUMN(C11))),"")} | G13: {=IFERROR(INDEX(SOURCE!$AC:$AC,SMALL(IF(SOURCE!$AQ$2:$AQ$34=$A13,ROW($A$2:$A$34)),COLUMN(D11))),"")} | H13: {=IFERROR(INDEX(SOURCE!$AC:$AC,SMALL(IF(SOURCE!$AQ$2:$AQ$34=$A13,ROW($A$2:$A$34)),COLUMN(E11))),"")} | I13: {=IFERROR(INDEX(SOURCE!$AC:$AC,SMALL(IF(SOURCE!$AQ$2:$AQ$34=$A13,ROW($A$2:$A$34)),COLUMN(F11))),"")} | J13: {=IFERROR(INDEX(SOURCE!$AC:$AC,SMALL(IF(SOURCE!$AQ$2:$AQ$34=$A13,ROW($A$2:$A$34)),COLUMN(G11))),"")} | K13: {=IFERROR(INDEX(SOURCE!$AC:$AC,SMALL(IF(SOURCE!$AQ$2:$AQ$34=$A13,ROW($A$2:$A$34)),COLUMN(H11))),"")} | ... M13: {=IFERROR(INDEX(SOURCE!$AC:$AC,SMALL(IF(SOURCE!$AQ$2:$AQ$34=$A13,ROW($A$2:$A$34)),COLUMN(J11))),"")}
A14: AAAAc | B14: 3 | C14: =IFERROR(VLOOKUP(A14,MANQUE!A:B,2,FALSE),0) -> 2 | D14: {=IFERROR(INDEX(SOURCE!$AC:$AC,SMALL(IF(SOURCE!$AQ$2:$AQ$34=$A14,ROW($A$2:$A$34)),COLUMN(A12))),"")} -> 2266 | E14: {=IFERROR(INDEX(SOURCE!$AC:$AC,SMALL(IF(SOURCE!$AQ$2:$AQ$34=$A14,ROW($A$2:$A$34)),COLUMN(B12))),"")} -> 2244 | F14: {=IFERROR(INDEX(SOURCE!$AC:$AC,SMALL(IF(SOURCE!$AQ$2:$AQ$34=$A14,ROW($A$2:$A$34)),COLUMN(C12))),"")} | G14: {=IFERROR(INDEX(SOURCE!$AC:$AC,SMALL(IF(SOURCE!$AQ$2:$AQ$34=$A14,ROW($A$2:$A$34)),COLUMN(D12))),"")} | H14: {=IFERROR(INDEX(SOURCE!$AC:$AC,SMALL(IF(SOURCE!$AQ$2:$AQ$34=$A14,ROW($A$2:$A$34)),COLUMN(E12))),"")} | I14: {=IFERROR(INDEX(SOURCE!$AC:$AC,SMALL(IF(SOURCE!$AQ$2:$AQ$34=$A14,ROW($A$2:$A$34)),COLUMN(F12))),"")} | J14: {=IFERROR(INDEX(SOURCE!$AC:$AC,SMALL(IF(SOURCE!$AQ$2:$AQ$34=$A14,ROW($A$2:$A$34)),COLUMN(G12))),"")} | K14: {=IFERROR(INDEX(SOURCE!$AC:$AC,SMALL(IF(SOURCE!$AQ$2:$AQ$34=$A14,ROW($A$2:$A$34)),COLUMN(H12))),"")} | ... M14: {=IFERROR(INDEX(SOURCE!$AC:$AC,SMALL(IF(SOURCE!$AQ$2:$AQ$34=$A14,ROW($A$2:$A$34)),COLUMN(J12))),"")}
A15: AAAAd | B15: 6 | C15: =IFERROR(VLOOKUP(A15,MANQUE!A:B,2,FALSE),0) -> 1 | D15: {=IFERROR(INDEX(SOURCE!$AC:$AC,SMALL(IF(SOURCE!$AQ$2:$AQ$34=$A15,ROW($A$2:$A$34)),COLUMN(A13))),"")} -> 2255 | E15: {=IFERROR(INDEX(SOURCE!$AC:$AC,SMALL(IF(SOURCE!$AQ$2:$AQ$34=$A15,ROW($A$2:$A$34)),COLUMN(B13))),"")} -> 2266 | F15: {=IFERROR(INDEX(SOURCE!$AC:$AC,SMALL(IF(SOURCE!$AQ$2:$AQ$34=$A15,ROW($A$2:$A$34)),COLUMN(C13))),"")} -> 2288 | G15: {=IFERROR(INDEX(SOURCE!$AC:$AC,SMALL(IF(SOURCE!$AQ$2:$AQ$34=$A15,ROW($A$2:$A$34)),COLUMN(D13))),"")} | H15: {=IFERROR(INDEX(SOURCE!$AC:$AC,SMALL(IF(SOURCE!$AQ$2:$AQ$34=$A15,ROW($A$2:$A$34)),COLUMN(E13))),"")} | I15: {=IFERROR(INDEX(SOURCE!$AC:$AC,SMALL(IF(SOURCE!$AQ$2:$AQ$34=$A15,ROW($A$2:$A$34)),COLUMN(F13))),"")} | J15: {=IFERROR(INDEX(SOURCE!$AC:$AC,SMALL(IF(SOURCE!$AQ$2:$AQ$34=$A15,ROW($A$2:$A$34)),COLUMN(G13))),"")} | K15: {=IFERROR(INDEX(SOURCE!$AC:$AC,SMALL(IF(SOURCE!$AQ$2:$AQ$34=$A15,ROW($A$2:$A$34)),COLUMN(H13))),"")} | ... M15: {=IFERROR(INDEX(SOURCE!$AC:$AC,SMALL(IF(SOURCE!$AQ$2:$AQ$34=$A15,ROW($A$2:$A$34)),COLUMN(J13))),"")}
A16: BBBBa | B16: 6 | C16: =IFERROR(VLOOKUP(A16,MANQUE!A:B,2,FALSE),0) -> 1 | D16: {=IFERROR(INDEX(SOURCE!$AC:$AC,SMALL(IF(SOURCE!$AQ$2:$AQ$34=$A16,ROW($A$2:$A$34)),COLUMN(A14))),"")} -> 2255 | E16: {=IFERROR(INDEX(SOURCE!$AC:$AC,SMALL(IF(SOURCE!$AQ$2:$AQ$34=$A16,ROW($A$2:$A$34)),COLUMN(B14))),"")} -> 2277 | F16: {=IFERROR(INDEX(SOURCE!$AC:$AC,SMALL(IF(SOURCE!$AQ$2:$AQ$34=$A16,ROW($A$2:$A$34)),COLUMN(C14))),"")} -> 2288 | G16: {=IFERROR(INDEX(SOURCE!$AC:$AC,SMALL(IF(SOURCE!$AQ$2:$AQ$34=$A16,ROW($A$2:$A$34)),COLUMN(D14))),"")} | H16: {=IFERROR(INDEX(SOURCE!$AC:$AC,SMALL(IF(SOURCE!$AQ$2:$AQ$34=$A16,ROW($A$2:$A$34)),COLUMN(E14))),"")} | I16: {=IFERROR(INDEX(SOURCE!$AC:$AC,SMALL(IF(SOURCE!$AQ$2:$AQ$34=$A16,ROW($A$2:$A$34)),COLUMN(F14))),"")} | J16: {=IFERROR(INDEX(SOURCE!$AC:$AC,SMALL(IF(SOURCE!$AQ$2:$AQ$34=$A16,ROW($A$2:$A$34)),COLUMN(G14))),"")} | K16: {=IFERROR(INDEX(SOURCE!$AC:$AC,SMALL(IF(SOURCE!$AQ$2:$AQ$34=$A16,ROW($A$2:$A$34)),COLUMN(H14))),"")} | ... M16: {=IFERROR(INDEX(SOURCE!$AC:$AC,SMALL(IF(SOURCE!$AQ$2:$AQ$34=$A16,ROW($A$2:$A$34)),COLUMN(J14))),"")}
A17: BBBBb | B17: 1 | C17: =IFERROR(VLOOKUP(A17,MANQUE!A:B,2,FALSE),0) -> 3 | D17: {=IFERROR(INDEX(SOURCE!$AC:$AC,SMALL(IF(SOURCE!$AQ$2:$AQ$34=$A17,ROW($A$2:$A$34)),COLUMN(A15))),"")} -> 2266 | E17: {=IFERROR(INDEX(SOURCE!$AC:$AC,SMALL(IF(SOURCE!$AQ$2:$AQ$34=$A17,ROW($A$2:$A$34)),COLUMN(B15))),"")} | F17: {=IFERROR(INDEX(SOURCE!$AC:$AC,SMALL(IF(SOURCE!$AQ$2:$AQ$34=$A17,ROW($A$2:$A$34)),COLUMN(C15))),"")} | G17: {=IFERROR(INDEX(SOURCE!$AC:$AC,SMALL(IF(SOURCE!$AQ$2:$AQ$34=$A17,ROW($A$2:$A$34)),COLUMN(D15))),"")} | H17: {=IFERROR(INDEX(SOURCE!$AC:$AC,SMALL(IF(SOURCE!$AQ$2:$AQ$34=$A17,ROW($A$2:$A$34)),COLUMN(E15))),"")} | I17: {=IFERROR(INDEX(SOURCE!$AC:$AC,SMALL(IF(SOURCE!$AQ$2:$AQ$34=$A17,ROW($A$2:$A$34)),COLUMN(F15))),"")} | J17: {=IFERROR(INDEX(SOURCE!$AC:$AC,SMALL(IF(SOURCE!$AQ$2:$AQ$34=$A17,ROW($A$2:$A$34)),COLUMN(G15))),"")} | K17: {=IFERROR(INDEX(SOURCE!$AC:$AC,SMALL(IF(SOURCE!$AQ$2:$AQ$34=$A17,ROW($A$2:$A$34)),COLUMN(H15))),"")} | ... M17: {=IFERROR(INDEX(SOURCE!$AC:$AC,SMALL(IF(SOURCE!$AQ$2:$AQ$34=$A17,ROW($A$2:$A$34)),COLUMN(J15))),"")}
A18: BBBBc | B18: 2 | C18: =IFERROR(VLOOKUP(A18,MANQUE!A:B,2,FALSE),0) -> 5 | D18: {=IFERROR(INDEX(SOURCE!$AC:$AC,SMALL(IF(SOURCE!$AQ$2:$AQ$34=$A18,ROW($A$2:$A$34)),COLUMN(A16))),"")} -> 2266 | E18: {=IFERROR(INDEX(SOURCE!$AC:$AC,SMALL(IF(SOURCE!$AQ$2:$AQ$34=$A18,ROW($A$2:$A$34)),COLUMN(B16))),"")} -> 2299 | F18: {=IFERROR(INDEX(SOURCE!$AC:$AC,SMALL(IF(SOURCE!$AQ$2:$AQ$34=$A18,ROW($A$2:$A$34)),COLUMN(C16))),"")} | G18: {=IFERROR(INDEX(SOURCE!$AC:$AC,SMALL(IF(SOURCE!$AQ$2:$AQ$34=$A18,ROW($A$2:$A$34)),COLUMN(D16))),"")} | H18: {=IFERROR(INDEX(SOURCE!$AC:$AC,SMALL(IF(SOURCE!$AQ$2:$AQ$34=$A18,ROW($A$2:$A$34)),COLUMN(E16))),"")} | I18: {=IFERROR(INDEX(SOURCE!$AC:$AC,SMALL(IF(SOURCE!$AQ$2:$AQ$34=$A18,ROW($A$2:$A$34)),COLUMN(F16))),"")} | J18: {=IFERROR(INDEX(SOURCE!$AC:$AC,SMALL(IF(SOURCE!$AQ$2:$AQ$34=$A18,ROW($A$2:$A$34)),COLUMN(G16))),"")} | K18: {=IFERROR(INDEX(SOURCE!$AC:$AC,SMALL(IF(SOURCE!$AQ$2:$AQ$34=$A18,ROW($A$2:$A$34)),COLUMN(H16))),"")} | ... M18: {=IFERROR(INDEX(SOURCE!$AC:$AC,SMALL(IF(SOURCE!$AQ$2:$AQ$34=$A18,ROW($A$2:$A$34)),COLUMN(J16))),"")}
A19: BBBBd | B19: 1 | C19: =IFERROR(VLOOKUP(A19,MANQUE!A:B,2,FALSE),0) -> 9 | D19: {=IFERROR(INDEX(SOURCE!$AC:$AC,SMALL(IF(SOURCE!$AQ$2:$AQ$34=$A19,ROW($A$2:$A$34)),COLUMN(A17))),"")} -> 2266 | E19: {=IFERROR(INDEX(SOURCE!$AC:$AC,SMALL(IF(SOURCE!$AQ$2:$AQ$34=$A19,ROW($A$2:$A$34)),COLUMN(B17))),"")} | F19: {=IFERROR(INDEX(SOURCE!$AC:$AC,SMALL(IF(SOURCE!$AQ$2:$AQ$34=$A19,ROW($A$2:$A$34)),COLUMN(C17))),"")} | G19: {=IFERROR(INDEX(SOURCE!$AC:$AC,SMALL(IF(SOURCE!$AQ$2:$AQ$34=$A19,ROW($A$2:$A$34)),COLUMN(D17))),"")} | H19: {=IFERROR(INDEX(SOURCE!$AC:$AC,SMALL(IF(SOURCE!$AQ$2:$AQ$34=$A19,ROW($A$2:$A$34)),COLUMN(E17))),"")} | I19: {=IFERROR(INDEX(SOURCE!$AC:$AC,SMALL(IF(SOURCE!$AQ$2:$AQ$34=$A19,ROW($A$2:$A$34)),COLUMN(F17))),"")} | J19: {=IFERROR(INDEX(SOURCE!$AC:$AC,SMALL(IF(SOURCE!$AQ$2:$AQ$34=$A19,ROW($A$2:$A$34)),COLUMN(G17))),"")} | K19: {=IFERROR(INDEX(SOURCE!$AC:$AC,SMALL(IF(SOURCE!$AQ$2:$AQ$34=$A19,ROW($A$2:$A$34)),COLUMN(H17))),"")} | ... M19: {=IFERROR(INDEX(SOURCE!$AC:$AC,SMALL(IF(SOURCE!$AQ$2:$AQ$34=$A19,ROW($A$2:$A$34)),COLUMN(J17))),"")}
A20: (vide) | D20: {=IFERROR(INDEX(SOURCE!$AC:$AC,SMALL(IF(SOURCE!$AQ$2:$AQ$34=$A20,ROW($A$2:$A$34)),COLUMN(A18))),"")} | E20: {=IFERROR(INDEX(SOURCE!$AC:$AC,SMALL(IF(SOURCE!$AQ$2:$AQ$34=$A20,ROW($A$2:$A$34)),COLUMN(B18))),"")} | F20: {=IFERROR(INDEX(SOURCE!$AC:$AC,SMALL(IF(SOURCE!$AQ$2:$AQ$34=$A20,ROW($A$2:$A$34)),COLUMN(C18))),"")} | G20: {=IFERROR(INDEX(SOURCE!$AC:$AC,SMALL(IF(SOURCE!$AQ$2:$AQ$34=$A20,ROW($A$2:$A$34)),COLUMN(D18))),"")} | H20: {=IFERROR(INDEX(SOURCE!$AC:$AC,SMALL(IF(SOURCE!$AQ$2:$AQ$34=$A20,ROW($A$2:$A$34)),COLUMN(E18))),"")} | I20: {=IFERROR(INDEX(SOURCE!$AC:$AC,SMALL(IF(SOURCE!$AQ$2:$AQ$34=$A20,ROW($A$2:$A$34)),COLUMN(F18))),"")} | J20: {=IFERROR(INDEX(SOURCE!$AC:$AC,SMALL(IF(SOURCE!$AQ$2:$AQ$34=$A20,ROW($A$2:$A$34)),COLUMN(G18))),"")} | K20: {=IFERROR(INDEX(SOURCE!$AC:$AC,SMALL(IF(SOURCE!$AQ$2:$AQ$34=$A20,ROW($A$2:$A$34)),COLUMN(H18))),"")} | ... M20: {=IFERROR(INDEX(SOURCE!$AC:$AC,SMALL(IF(SOURCE!$AQ$2:$AQ$34=$A20,ROW($A$2:$A$34)),COLUMN(J18))),"")}
A21: (vide) | D21: {=IFERROR(INDEX(SOURCE!$AC:$AC,SMALL(IF(SOURCE!$AQ$2:$AQ$34=$A21,ROW($A$2:$A$34)),COLUMN(A19))),"")} | E21: {=IFERROR(INDEX(SOURCE!$AC:$AC,SMALL(IF(SOURCE!$AQ$2:$AQ$34=$A21,ROW($A$2:$A$34)),COLUMN(B19))),"")} | F21: {=IFERROR(INDEX(SOURCE!$AC:$AC,SMALL(IF(SOURCE!$AQ$2:$AQ$34=$A21,ROW($A$2:$A$34)),COLUMN(C19))),"")} | G21: {=IFERROR(INDEX(SOURCE!$AC:$AC,SMALL(IF(SOURCE!$AQ$2:$AQ$34=$A21,ROW($A$2:$A$34)),COLUMN(D19))),"")} | H21: {=IFERROR(INDEX(SOURCE!$AC:$AC,SMALL(IF(SOURCE!$AQ$2:$AQ$34=$A21,ROW($A$2:$A$34)),COLUMN(E19))),"")} | I21: {=IFERROR(INDEX(SOURCE!$AC:$AC,SMALL(IF(SOURCE!$AQ$2:$AQ$34=$A21,ROW($A$2:$A$34)),COLUMN(F19))),"")} | J21: {=IFERROR(INDEX(SOURCE!$AC:$AC,SMALL(IF(SOURCE!$AQ$2:$AQ$34=$A21,ROW($A$2:$A$34)),COLUMN(G19))),"")} | K21: {=IFERROR(INDEX(SOURCE!$AC:$AC,SMALL(IF(SOURCE!$AQ$2:$AQ$34=$A21,ROW($A$2:$A$34)),COLUMN(H19))),"")} | ... M21: {=IFERROR(INDEX(SOURCE!$AC:$AC,SMALL(IF(SOURCE!$AQ$2:$AQ$34=$A21,ROW($A$2:$A$34)),COLUMN(J19))),"")}
A22: Total général | B22: 63 | D22: {=IFERROR(INDEX(SOURCE!$AC:$AC,SMALL(IF(SOURCE!$AQ$2:$AQ$34=$A22,ROW($A$2:$A$34)),COLUMN(A20))),"")} | E22: {=IFERROR(INDEX(SOURCE!$AC:$AC,SMALL(IF(SOURCE!$AQ$2:$AQ$34=$A22,ROW($A$2:$A$34)),COLUMN(B20))),"")} | F22: {=IFERROR(INDEX(SOURCE!$AC:$AC,SMALL(IF(SOURCE!$AQ$2:$AQ$34=$A22,ROW($A$2:$A$34)),COLUMN(C20))),"")} | G22: {=IFERROR(INDEX(SOURCE!$AC:$AC,SMALL(IF(SOURCE!$AQ$2:$AQ$34=$A22,ROW($A$2:$A$34)),COLUMN(D20))),"")} | H22: {=IFERROR(INDEX(SOURCE!$AC:$AC,SMALL(IF(SOURCE!$AQ$2:$AQ$34=$A22,ROW($A$2:$A$34)),COLUMN(E20))),"")} | I22: {=IFERROR(INDEX(SOURCE!$AC:$AC,SMALL(IF(SOURCE!$AQ$2:$AQ$34=$A22,ROW($A$2:$A$34)),COLUMN(F20))),"")} | J22: {=IFERROR(INDEX(SOURCE!$AC:$AC,SMALL(IF(SOURCE!$AQ$2:$AQ$34=$A22,ROW($A$2:$A$34)),COLUMN(G20))),"")} | K22: {=IFERROR(INDEX(SOURCE!$AC:$AC,SMALL(IF(SOURCE!$AQ$2:$AQ$34=$A22,ROW($A$2:$A$34)),COLUMN(H20))),"")} | ... M22: {=IFERROR(INDEX(SOURCE!$AC:$AC,SMALL(IF(SOURCE!$AQ$2:$AQ$34=$A22,ROW($A$2:$A$34)),COLUMN(J20))),"")}
